AoeStats
← {WaZzU'P} Recluta4!

QS Arena

503498012Analyzed
4v4 RM · 1mo ago on Aug 31, 2026· 46m 37s· 8 players
Game mode
Random Map
Map size
Large (8 player)
Population
200
Speed
Normal
Resources
Standard
Victory
Conquest
Starting age
Dark Age
Ending age
Imperial Age
RankedLock teamsTeams togetherTeam positionsShared explorationLock speedFull tech treeHidden civsTurbo modeCheats
Victory
Defeat
🇺🇸 Sicilians · United States
1152
+10
🇫🇷 Khmer · France
1120
+11
🇨🇭 Hindustanis · Switzerland
1051
+14
🇲🇽 Wei · Mexico
950
+19
🇲🇽 Persians · Mexico
1032
-14
🇺🇸 Bulgarians · United States
1030
-14
🇫🇷 Goths · France
1015
-14
🇺🇸 Italians · United States
988
-12
jose_dreamer
1:27 Loom
8:26 Feudal Age
12:21 Castle Age
11:11 Double-Bit Axe
11:08 Horse Collar
21:15 Heavy Plow
24:03 Gold Mining
25:44 Wheelbarrow
25:57 Wheelbarrow
29:39 Imperial Age
28:20 Bow Saw
29:06 Bloodlines
29:09 Forging
29:05 Scale Barding Armor
29:54 Husbandry
30:17 Chain Barding Armor
29:20 Cavalier
30:37 Conscription
31:32 Plate Barding Armor
31:33 Iron Casting
31:42 Gold Shaft Mining
31:14 Kamandaran
33:06 Two-Man Saw
32:39 Crop Rotation
33:53 Blast Furnace
32:47 Fletching
33:35 Savar
34:42 Thumb Ring
34:01 Crossbowman
35:43 Bodkin Arrow
35:49 Padded Archer Armor
37:16 Hand Cart
37:54 Leather Archer Armor
37:42 Scale Mail Armor
40:06 Chemistry
39:28 Ballistics
40:09 Ring Archer Armor
44:51 Pikeman
45:16 Gambesons
45:31 Squires
45:17 Arson
Spaghetti
9:32 Feudal Age
10:59 Double-Bit Axe
15:55 Castle Age
15:31 Gold Mining
15:31 Stone Mining
15:34 Horse Collar
21:24 Loom
22:17 Wheelbarrow
24:13 Hand Cart
24:49 Fletching
24:59 Padded Archer Armor
25:10 Forging
25:00 Scale Mail Armor
25:06 Scale Barding Armor
25:45 Arson
26:00 Squires
25:21 Man-at-Arms
25:24 Pikeman
26:47 Heavy Plow
27:42 Stone Shaft Mining
30:57 Imperial Age
29:24 Bodkin Arrow
29:45 Leather Archer Armor
29:49 Chain Mail Armor
30:07 Husbandry
30:17 Bloodlines
32:45 Chemistry
32:48 Bow Saw
32:44 Cavalier
33:59 Conscription
33:52 Pirotechnia
34:51 Two-Man Saw
35:21 Iron Casting
35:16 Plate Mail Armor
35:07 Chain Barding Armor
35:18 Ring Archer Armor
dannyicecold69
8:13 Feudal Age
10:47 Double-Bit Axe
14:33 Castle Age
16:46 Forging
16:36 Scale Mail Armor
26:30 Bow Saw
26:08 Horse Collar
30:15 Wheelbarrow
32:22 Pikeman
33:39 Hand Cart
35:32 Fletching
36:18 Iron Casting
35:58 Chain Mail Armor
35:36 Gambesons
35:52 Squires
35:37 Arson
38:28 Imperial Age
37:38 Gold Mining
38:29 Halberdier
38:41 Capped Ram
38:54 Onager
Livai Ackerman
10:23 Feudal Age
12:04 Loom
14:58 Castle Age
13:20 Double-Bit Axe
13:17 Horse Collar
16:16 Town Watch
16:44 Stone Mining
18:03 Stone Shaft Mining
17:49 Bow Saw
18:30 Man-at-Arms
19:13 Squires
19:26 Long Swordsman
23:43 Forging
23:33 Scale Mail Armor
25:08 Iron Casting
26:30 Gold Mining
27:38 Chain Mail Armor
Fralex04
5:51 Loom
8:18 Feudal Age
10:36 Wheelbarrow
12:06 Castle Age
9:55 Double-Bit Axe
9:59 Horse Collar
11:55 Wheelbarrow
13:39 Bow Saw
19:55 Stone Mining
23:42 Hand Cart
24:23 Heavy Plow
27:59 Imperial Age
25:25 Gold Mining
25:42 Light Cavalry
26:32 Bloodlines
27:33 Gold Shaft Mining
27:34 Stone Shaft Mining
27:37 Fortified Wall
27:22 Murder Holes
27:47 Ballistics
28:22 Masonry
28:37 Fletching
28:58 Forging
28:49 Scale Mail Armor
29:06 Husbandry
29:16 Scale Barding Armor
29:48 Bodkin Arrow
29:59 Hussar
31:17 Conscription
32:46 Iron Casting
32:33 Chain Barding Armor
{WaZzU'P} Recluta4!
8:27 Feudal Age
9:27 Horse Collar
13:00 Castle Age
10:55 Double-Bit Axe
13:49 Heavy Plow
17:12 Loom
17:14 Town Watch
20:34 Wheelbarrow
21:23 Bow Saw
22:02 Hand Cart
23:48 Gold Mining
28:32 Imperial Age
25:53 Fletching
26:12 Squires
25:34 Pikeman
26:16 Scale Mail Armor
26:04 Arson
27:01 Stone Mining
27:48 Gold Shaft Mining
27:14 Town Patrol
27:57 Chain Mail Armor
27:38 Bodkin Arrow
29:17 Ballistics
28:55 Murder Holes
29:11 Masonry
29:15 Forging
29:59 Stone Shaft Mining
30:07 Plate Mail Armor
30:39 Chemistry
29:25 Arrowslits
29:04 Halberdier
29:14 Elite Serjeant
31:43 Iron Casting
31:08 Bracer
33:54 Blast Furnace
32:37 Capped Ram
34:06 Siege Ram
35:10 Onager
38:14 Siege Engineers
38:54 Siege Onager
[MIAAU] GM Panzer IV
8:11 Feudal Age
12:01 Castle Age
10:28 Double-Bit Axe
10:31 Horse Collar
14:37 Fervor
18:18 Heavy Plow
18:57 Bow Saw
20:07 Loom
21:09 Town Watch
22:02 Wheelbarrow
26:55 Imperial Age
24:44 Stone Mining
24:44 Gold Mining
25:56 Hand Cart
25:52 Fletching
26:02 Padded Archer Armor
26:41 Thumb Ring
26:37 Bodkin Arrow
28:30 Parthian Tactics
28:07 Bracer
28:22 Leather Archer Armor
30:27 Onager
31:30 Ballistics
32:11 Chemistry
31:19 Treadmill Crane
32:41 Chemistry
39:53 Ring Archer Armor
41:00 Ming Guang Armor
42:37 Tuntian
42:59 Conscription
43:13 Conscription
44:54 Scale Barding Armor
44:59 Forging
46:22 Bloodlines
46:13 Husbandry
{WaZzU'P} GranPolo
8:00 Feudal Age
12:51 Castle Age
12:17 Double-Bit Axe
12:15 Horse Collar
12:55 Stone Mining
14:32 Stone Shaft Mining
14:21 Bow Saw
15:21 Heavy Plow
18:39 Forging
19:18 Squires
19:55 Scale Mail Armor
22:28 Iron Casting
25:11 Wheelbarrow
24:22 Town Watch
26:08 Chain Mail Armor
28:05 Gold Mining
29:37 Hand Cart
30:02 Gold Shaft Mining
29:46 Town Patrol
33:52 Imperial Age
31:46 Scale Barding Armor
32:45 Husbandry
33:13 Bloodlines
33:46 Chain Barding Armor
35:55 Blast Furnace
37:41 Plate Barding Armor
40:08 Heavy Camel Rider
41:11 Padded Archer Armor
43:11 Chemistry
42:04 Heavy Camel Rider
44:23 Ballistics
Connection lost

Rejoining the realm…

Still unreachable

The connection could not be restored.

Session expired

The server has moved on; the page needs a fresh start.